TOP OF THE 1ST |
Tulsa Drillers batting - Pitching for Tennessee Smokies : RHP Mark Duffy
|
Pitching: RHP Mark Duffy
|
|
Batting: LHB Tony Morales
|
0-0: Ball 1-0: Called Strike 1-1: Ball 2-1: Foul Ball, location: 2F 2-2: Foul Ball, location: 2F 2-2: Foul Ball, location: 2F 2-2: Ball 3-2: Foul Ball, location: 2F 3-2: Foul Ball, location: 2F 3-2: Ground out 4-3 (Groundball, 4, EV 83.8 MPH)
|
Batting: LHB Kevin Wiebe
|
0-0: Ball 1-0: Ball 2-0: Swinging Strike 2-1: Fly out, F8 (Flyball, 8LS, EV 85.6 MPH)
|
Batting: LHB Jesus Ramirez
|
0-0: Called Strike 0-1: Fly out, F8 (Flyball, 8RM, EV 86.9 MPH)
|
Top of the 1st over - 0 runs, 0 hits, 0 errors, 0 left on base; Tulsa 0 - Tennessee 0 |
BOTTOM OF THE 1ST |
Tennessee Smokies batting - Pitching for Tulsa Drillers : RHP Victor Torres
|
Pitching: RHP Victor Torres
|
|
Batting: RHB Eric Wiss
|
0-0: Called Strike 0-1: Foul Ball, location: 2F 0-2: Foul Ball, location: 2F 0-2: Ball 1-2: Ball 2-2: Strikes out swinging
|
Batting: RHB Puluke Konane
|
0-0: Ball 1-0: Foul Ball, location: 2F 1-1: SINGLE (Groundball, 4D, EV 108.1 MPH)
|
Batting: RHB Ricardo Aguinaga
|
0-0: Ball Puluke Konane steals 2nd, throwing error, E2 Puluke Konane to third 1-0: Ground out 1-3 (Groundball, 34S, EV 67.5 MPH)
|
Batting: SHB Nick Chandler
|
0-0: SINGLE (Groundball, 4M, EV 96.2 MPH) Puluke Konane scores
|
Batting: RHB Brad Santanello
|
0-0: Ball 1-0: Foul Ball, location: 2F 1-1: Swinging Strike 1-2: SINGLE (Groundball, 6MD, EV 105.6 MPH) Nick Chandler to second
|
Batting: SHB Gabriel Cruz
|
0-0: Called Strike 0-1: Ball 1-1: Called Strike 1-2: Ball 2-2: Ball 3-2: Base on Balls Nick Chandler to third Brad Santanello to second
|
Batting: RHB David Barnard
|
0-0: SINGLE (Line Drive, 8LS, EV 92.5 MPH) Nick Chandler scores Brad Santanello to third Gabriel Cruz to second
|
Batting: LHB Wing-tat Tai
|
0-0: Ball 1-0: Fielders Choice at 2nd, 6-4 (Groundball, 6, EV 81.9 MPH)
|
Bottom of the 1st over - 2 runs, 4 hits, 1 error, 3 left on base; Tulsa 0 - Tennessee 2 |
TOP OF THE 2ND |
Tulsa Drillers batting - Pitching for Tennessee Smokies : RHP Mark Duffy
|
Batting: RHB Marcos Villalobos
|
0-0: Ball 1-0: Foul Ball, location: 2F 1-1: Ball 2-1: Ground out 4-3 (Groundball, 4, EV 90.0 MPH)
|
Batting: RHB Tony Rivera
|
0-0: Ball 1-0: SINGLE (Groundball, 6MD, EV 99.4 MPH)
|
Batting: RHB Aaron Burress
|
0-0: Called Strike 0-1: SINGLE (Flyball, 3D, EV 89.4 MPH) Tony Rivera to second
|
Batting: RHB Jim Rogers
|
0-0: Fielders Choice at 2nd, 4-6 (Groundball, 4, EV 98.8 MPH) Tony Rivera to third
|
Batting: RHB Kyle Garrett
|
0-0: Ball 1-0: Fly out, F9 (Flyball, 89M, EV 85.6 MPH)
|
Top of the 2nd over - 0 runs, 2 hits, 0 errors, 2 left on base; Tulsa 0 - Tennessee 2 |
BOTTOM OF THE 2ND |
Tennessee Smokies batting - Pitching for Tulsa Drillers : RHP Victor Torres
|
Batting: LHB Adam Conover
|
0-0: Ball 1-0: Ball 2-0: Swinging Strike 2-1: Ball 3-1: SINGLE (Groundball, 34D, EV 103.8 MPH)
|
Batting: RHB Eric Wiss
|
0-0: Ball 1-0: Called Strike 1-1: Called Strike 1-2: Strikes out looking
|
Batting: RHB Puluke Konane
|
0-0: Ball 1-0: Ball 2-0: Called Strike 2-1: Fly out, F7 (Flyball, 78M, EV 87.5 MPH)
|
Batting: RHB Ricardo Aguinaga
|
0-0: Ball 1-0: Foul Ball, location: 2F 1-1: Foul Ball, location: 2F 1-2: Ball 2-2: Ball 3-2: Strikes out looking
|
Bottom of the 2nd over - 0 runs, 1 hit, 0 errors, 1 left on base; Tulsa 0 - Tennessee 2 |
TOP OF THE 3RD |
Tulsa Drillers batting - Pitching for Tennessee Smokies : RHP Mark Duffy
|
Batting: RHB Mike Plugge
|
0-0: Ball 1-0: Called Strike 1-1: Called Strike 1-2: Strikes out looking
|
Batting: LHB Tony Morales
|
0-0: Ball 1-0: Called Strike 1-1: Ball 2-1: Called Strike 2-2: Foul Ball, location: 2F 2-2: Strikes out swinging
|
Batting: LHB Kevin Wiebe
|
0-0: Foul Ball, location: 2F 0-1: Ball 1-1: Ball 2-1: Swinging Strike 2-2: Strikes out swinging
|
Top of the 3rd over - 0 runs, 0 hits, 0 errors, 0 left on base; Tulsa 0 - Tennessee 2 |
BOTTOM OF THE 3RD |
Tennessee Smokies batting - Pitching for Tulsa Drillers : RHP Victor Torres
|
Batting: SHB Nick Chandler
|
0-0: Fly out, F7 (Flyball, 78S, EV 76.9 MPH)
|
Batting: RHB Brad Santanello
|
0-0: Ball 1-0: Called Strike 1-1: Ground out 6-3 (Groundball, 6, EV 107.5 MPH)
|
Batting: SHB Gabriel Cruz
|
0-0: Swinging Strike 0-1: Foul Ball, location: 2F 0-2: Ball 1-2: Ball 2-2: Ball 3-2: Base on Balls
|
Batting: RHB David Barnard
|
0-0: Fielders Choice at 2nd, 6-4 (Groundball, 6, EV 96.9 MPH)
|
Bottom of the 3rd over - 0 runs, 0 hits, 0 errors, 1 left on base; Tulsa 0 - Tennessee 2 |
TOP OF THE 4TH |
Tulsa Drillers batting - Pitching for Tennessee Smokies : RHP Mark Duffy
|
Batting: LHB Jesus Ramirez
|
0-0: Foul Ball, location: 2F 0-1: Foul Ball, location: 2F 0-2: Strikes out swinging
|
Batting: RHB Marcos Villalobos
|
0-0: Ball 1-0: Called Strike 1-1: Ground out 5-3 (Groundball, 5S, EV 71.2 MPH)
|
Batting: RHB Tony Rivera
|
0-0: Called Strike 0-1: Ball 1-1: Fly out, F4 (Line Drive, 4, EV 66.2 MPH)
|
Top of the 4th over - 0 runs, 0 hits, 0 errors, 0 left on base; Tulsa 0 - Tennessee 2 |
BOTTOM OF THE 4TH |
Tennessee Smokies batting - Pitching for Tulsa Drillers : RHP Victor Torres
|
Batting: LHB Wing-tat Tai
|
0-0: SINGLE (Groundball, 4MD, EV 97.5 MPH)
|
Batting: LHB Adam Conover
|
0-0: Foul Ball, location: 2F 0-1: Ball 1-1: Ball 2-1: Ball 3-1: Fly out, F7 (Flyball, 7LM, EV 82.5 MPH)
|
Batting: RHB Eric Wiss
|
0-0: Ball 1-0: Foul Ball, location: 2F 1-1: Foul Ball, location: 2F 1-2: Grounds into double play, 6-4-3 (Groundball, 6, EV 96.9 MPH)
|
Bottom of the 4th over - 0 runs, 1 hit, 0 errors, 0 left on base; Tulsa 0 - Tennessee 2 |
TOP OF THE 5TH |
Tulsa Drillers batting - Pitching for Tennessee Smokies : RHP Mark Duffy
|
Batting: RHB Aaron Burress
|
0-0: Ball 1-0: Foul Ball, location: 2F 1-1: Fly out, F9 (Flyball, 89S, EV 85.6 MPH)
|
Batting: RHB Jim Rogers
|
0-0: Ball 1-0: Foul Ball, location: 2F 1-1: Fly out, F8 (Line Drive, 8LM, EV 98.8 MPH)
|
Batting: RHB Kyle Garrett
|
0-0: Hit by Pitch
|
Batting: RHB Mike Plugge
|
0-0: Ball 1-0: Foul Ball, location: 2F 1-1: Ball 2-1: SINGLE (Groundball, 56D, EV 103.8 MPH) Kyle Garrett to second
|
Batting: LHB Tony Morales
|
0-0: Called Strike 0-1: Ball 1-1: Foul Ball, location: 2F 1-2: SINGLE (Groundball, 6MD, EV 99.4 MPH) Kyle Garrett to third Mike Plugge to second
|
Batting: LHB Kevin Wiebe
|
0-0: Foul Ball, location: 2F 0-1: Ball 1-1: Ball 2-1: Swinging Strike 2-2: Ball 3-2: GRAND SLAM HOME RUN (Flyball, 9D, EV 98.1 MPH), Distance : 366 ft
|
Batting: LHB Jesus Ramirez
|
0-0: Called Strike 0-1: Called Strike 0-2: SINGLE (Groundball, 6, EV 93.8 MPH)
|
Pitching: RHP Adrian Dorsi
|
|
Batting: RHB Marcos Villalobos
|
0-0: Called Strike 0-1: Foul Ball, location: 2F 0-2: Strikes out looking
|
Top of the 5th over - 4 runs, 4 hits, 0 errors, 1 left on base; Tulsa 4 - Tennessee 2 |
BOTTOM OF THE 5TH |
Tennessee Smokies batting - Pitching for Tulsa Drillers : RHP Victor Torres
|
Batting: RHB Puluke Konane
|
0-0: Ball 1-0: Ball 2-0: Foul Ball, location: 2F 2-1: Foul Ball, location: 2F 2-2: SINGLE (Line Drive, 89S, EV 96.9 MPH)
|
Batting: RHB Ricardo Aguinaga
|
0-0: Ball 1-0: Called Strike 1-1: Called Strike 1-2: Ball 2-2: Ball 3-2: Foul Ball, location: 2F 3-2: Fly out, F8 (Flyball, 78D, EV 95.0 MPH)
|
Batting: SHB Nick Chandler
|
0-0: Fly out, F3 (Popup, 34S, EV 73.1 MPH)
|
Batting: RHB Brad Santanello
|
0-0: Ball 1-0: Called Strike 1-1: Ball 2-1: Reached on error, E7 (Line Drive, 78M, EV 95.6 MPH) Puluke Konane to third
|
Batting: SHB Gabriel Cruz
|
0-0: Ball 1-0: Foul Ball, location: 2F 1-1: Ball 2-1: Called Strike 2-2: Ball 3-2: Foul Ball, location: 2F 3-2: SINGLE (Line Drive, 78S, EV 97.5 MPH) Puluke Konane scores Brad Santanello to third Runner from 3rd tries for Home, SAFE, throw by LF to home
|
Batting: RHB David Barnard
|
0-0: Ball 1-0: Foul Ball, location: 2F 1-1: Ball 2-1: Ball 3-1: Ground out U3 (Groundball, 3S, EV 57.5 MPH)
|
Bottom of the 5th over - 2 runs, 2 hits, 1 error, 1 left on base; Tulsa 4 - Tennessee 4 |
TOP OF THE 6TH |
Tulsa Drillers batting - Pitching for Tennessee Smokies : RHP Adrian Dorsi
|
Batting: RHB Tony Rivera
|
0-0: Ball 1-0: Called Strike 1-1: Ground out 5-3 (Groundball, 5S, EV 83.8 MPH)
|
Batting: RHB Aaron Burress
|
0-0: Ball 1-0: Swinging Strike 1-1: Ground out 5-3 (Groundball, 5L, EV 85.6 MPH)
|
Batting: RHB Jim Rogers
|
0-0: Ball 1-0: Ground out 1-3 (Groundball, 13S, EV 71.9 MPH)
|
Top of the 6th over - 0 runs, 0 hits, 0 errors, 0 left on base; Tulsa 4 - Tennessee 4 |
BOTTOM OF THE 6TH |
Tennessee Smokies batting - Pitching for Tulsa Drillers : RHP Victor Torres
|
Batting: LHB Wing-tat Tai
|
0-0: SINGLE (Groundball, 3D, EV 95.0 MPH)
|
Batting: LHB Adam Conover
|
0-0: Foul Ball, location: 2F 0-1: Ball 1-1: Ball 2-1: Foul Ball, location: 2F 2-2: Foul Ball, location: 2F 2-2: Foul Ball, location: 2F 2-2: Grounds into double play, 4-6-3 (Groundball, 34S, EV 83.8 MPH)
|
Batting: RHB Eric Wiss
|
0-0: Called Strike 0-1: Swinging Strike 0-2: TRIPLE (Flyball, 7D, EV 84.4 MPH)
|
Batting: RHB Puluke Konane
|
0-0: Ball 1-0: Foul Ball, location: 2F 1-1: Ground out U3 (Groundball, 23, EV 78.1 MPH)
|
Bottom of the 6th over - 0 runs, 2 hits, 0 errors, 1 left on base; Tulsa 4 - Tennessee 4 |
TOP OF THE 7TH |
Tulsa Drillers batting - Pitching for Tennessee Smokies : RHP Adrian Dorsi
|
Batting: RHB Kyle Garrett
|
0-0: Foul Ball, location: 2F 0-1: Ball 1-1: Ball 2-1: Fly out, F3 (Line Drive, 34, EV 68.1 MPH)
|
Batting: RHB Mike Plugge
|
0-0: Swinging Strike 0-1: Ball 1-1: Called Strike 1-2: Ball 2-2: Ball 3-2: Strikes out swinging
|
Batting: LHB Tony Morales
|
0-0: Ball 1-0: Swinging Strike 1-1: Foul Ball, location: 2F 1-2: Ball 2-2: Ball 3-2: Strikes out swinging
|
Top of the 7th over - 0 runs, 0 hits, 0 errors, 0 left on base; Tulsa 4 - Tennessee 4 |
BOTTOM OF THE 7TH |
Tennessee Smokies batting - Pitching for Tulsa Drillers : RHP Victor Torres
|
Batting: RHB Ricardo Aguinaga
|
0-0: Ball 1-0: Ball 2-0: Called Strike 2-1: Ball 3-1: DOUBLE (Flyball, 89XD, EV 111.9 MPH) - OUT at third base trying to stretch hit.
|
Pitching: RHP Jordan Arredondo
|
|
Batting: SHB Nick Chandler
|
0-0: Called Strike 0-1: Ball 1-1: SINGLE (Groundball, 5D, EV 102.5 MPH)
|
Batting: RHB Brad Santanello
|
0-0: Ball 1-0: Grounds into double play, 5-4-3 (Groundball, 56S, EV 87.5 MPH)
|
Bottom of the 7th over - 0 runs, 2 hits, 0 errors, 0 left on base; Tulsa 4 - Tennessee 4 |
TOP OF THE 8TH |
Tulsa Drillers batting - Pitching for Tennessee Smokies : RHP Adrian Dorsi
|
Pitching: LHP Colin Scott
|
|
Batting: RHB Nick Getz
|
0-0: Ball 1-0: Swinging Strike 1-1: Ball 2-1: Foul Ball, location: 2F 2-2: Foul Ball, location: 2F 2-2: Ball 3-2: Foul Ball, location: 2F 3-2: Strikes out swinging
|
Batting: LHB Jesus Ramirez
|
0-0: Ball 1-0: Ball 2-0: Foul Ball, location: 2F 2-1: Ball 3-1: Called Strike 3-2: Base on Balls
|
Batting: RHB Marcos Villalobos
|
0-0: Called Strike 0-1: Fielders Choice at 2nd, 1-6 (Groundball, 34S, EV 64.4 MPH)
|
Batting: RHB Tony Rivera
|
0-0: Ball 1-0: Ball 2-0: Fly out, F9 (Flyball, 89M, EV 86.9 MPH)
|
Top of the 8th over - 0 runs, 0 hits, 0 errors, 1 left on base; Tulsa 4 - Tennessee 4 |
BOTTOM OF THE 8TH |
Tennessee Smokies batting - Pitching for Tulsa Drillers : RHP Jordan Arredondo
|
Batting: SHB Gabriel Cruz
|
0-0: Called Strike 0-1: Ball 1-1: Ball 2-1: Foul Ball, location: 2F 2-2: Ball 3-2: Foul Ball, location: 2F 3-2: Ground out 4-3 (Groundball, 34, EV 103.1 MPH)
|
Batting: RHB David Barnard
|
0-0: Ball 1-0: Swinging Strike 1-1: Foul Ball, location: 2F 1-2: Foul Ball, location: 2F 1-2: Foul Ball, location: 2F 1-2: Strikes out swinging
|
Batting: LHB Wing-tat Tai
|
0-0: Swinging Strike 0-1: Foul Ball, location: 2F 0-2: Foul Ball, location: 2F 0-2: Ball 1-2: Ball 2-2: Strikes out swinging
|
Bottom of the 8th over - 0 runs, 0 hits, 0 errors, 0 left on base; Tulsa 4 - Tennessee 4 |
TOP OF THE 9TH |
Tulsa Drillers batting - Pitching for Tennessee Smokies : LHP Colin Scott
|
Pitching: RHP Harry Poindexter
|
|
Batting: RHB Aaron Burress
|
0-0: Ball 1-0: Ball 2-0: Ball 3-0: Called Strike 3-1: Base on Balls
|
Batting: RHB Jim Rogers
|
0-0: Ball Wild Pitch! Aaron Burress to second 1-0: Ground out 3-1 (Groundball, 34S, EV 87.5 MPH) Aaron Burress to third
|
Batting: RHB Kyle Garrett
|
0-0: Called Strike 0-1: Ball 1-1: Foul Ball, location: 2F 1-2: Strikes out looking
|
Batting: RHB Mike Plugge
|
0-0: Fly out, F9 (Flyball, 89S, EV 84.4 MPH)
|
Top of the 9th over - 0 runs, 0 hits, 0 errors, 1 left on base; Tulsa 4 - Tennessee 4 |
BOTTOM OF THE 9TH |
Tennessee Smokies batting - Pitching for Tulsa Drillers : RHP Jordan Arredondo
|
Pitching: RHP Juan Hurtado
|
|
Batting: LHB Adam Conover
|
0-0: Ball 1-0: Ball 2-0: Swinging Strike 2-1: Ball 3-1: Base on Balls
|
Batting: RHB Eric Wiss
|
0-0: Called Strike 0-1: SINGLE (Groundball, 56D, EV 109.4 MPH) Adam Conover to second
|
Batting: RHB Puluke Konane
|
0-0: Called Strike 0-1: Called Strike 0-2: Hit by Pitch Adam Conover to third Eric Wiss to second
|
Batting: RHB Ricardo Aguinaga
|
0-0: Ball 1-0: Swinging Strike 1-1: Ball 2-1: Swinging Strike 2-2: Ball 3-2: Strikes out swinging
|
Batting: SHB Nick Chandler
|
0-0: Ball 1-0: Foul Ball, location: 2F 1-1: Foul Ball, location: 2F 1-2: Strikes out looking
|
Batting: RHB Brad Santanello
|
0-0: Called Strike 0-1: Ball 1-1: Ball 2-1: Ball 3-1: Base on Balls Adam Conover scores Eric Wiss to third Puluke Konane to second
|
Bottom of the 9th over - 1 run, 1 hit, 0 errors, 3 left on base; Tulsa 4 - Tennessee 5 |
|